 Dungeon Crawl Stone Soup version 0.27.1-35-g4d5d836560 (console) character file.

Game seed: 17639955731777063612

140 grimtooth the Chiller (level 5, -4/28 HPs)
             Began as a Gargoyle Ice Elementalist on Aug 17, 2022.
             Killed by divine providence
             ... invoked by an orc priest
              (17 damage)
             ... on level 4 of the Dungeon.
             The game lasted 00:11:30 (2866 turns).

grimtooth the Chiller (Gargoyle Ice Elementalist)   Turns: 2866, Time: 00:11:33

Health: -4/28      AC: 15    Str: 12    XL:     5   Next: 22%
Magic:  1/10       EV: 11    Int: 16    God:
Gold:   101        SH:  0    Dex: 10    Spells: 4/11 levels left

rFire    . . .     SeeInvis .   b - +0 hunting sling
rCold    . . .     Faith    .   (no shield)
rNeg     + . .     Spirit   .   o - +0 robe
rPois    ∞         Reflect  .   l - +2 helmet
rElec    +         Harm     .   (no cloak)
rCorr    .         Rampage  .   (no gloves)
Will     .....                  (no boots)
Stlth    ++........             (no amulet)
HPRegen  0.09/turn              (no ring)
MPRegen  0.12/turn              (no ring)

@: ice-armoured
A: sickness immunity, AC +4, negative energy resistance 1, electricity
resistance, torment resistance 1, petrification resistance
a: no special abilities


You were on level 4 of the Dungeon.
You visited 1 branch of the dungeon, and saw 4 of its levels.

You collected 101 gold pieces.

Inventory:

Hand Weapons
 a - a +1 dagger of venom
 b - a +0 hunting sling (weapon)
Missiles
 j - 15 poisoned darts
 p - 149 stones (quivered ammo)
Armour
 l - a +2 helmet (worn)
 o - a +0 robe (worn)
Jewellery
 m - a ring of ice
Scrolls
 c - 2 scrolls of fear {unknown}
 d - a scroll of immolation
 f - 2 scrolls of vulnerability {unknown}
 g - a scroll of blinking {unknown}
 i - 2 scrolls of identify {unknown}
 n - a scroll of noise {unknown}
 q - a scroll of amnesia {unknown}
 r - a scroll of magic mapping {unknown}
 t - a scroll of acquirement {unknown}
Potions
 e - a potion of lignification {unknown}
 h - a potion of flight {unknown}
 k - 2 potions of heal wounds {unknown}
 s - a potion of attraction {unknown}


   Skills:
 - Level 1.5 Dodging
 - Level 2.1 Stealth
 + Level 3.6 Spellcasting
 + Level 5.3 Ice Magic


You had 4 spell levels left.
You knew the following spells:

 Your Spells              Type           Power      Damage    Failure   Level
a - Freeze                Ice            76%        1d9       1%          1
b - Ozocubu's Armour      Ice            19%        N/A       6%          3
c - Frozen Ramparts       Ice            38%        1d5       6%          3

Your spell library contained the following spells:

 Spells                   Type           Power      Damage    Failure   Level
 Hailstorm                Conj/Ice       11%        3d5       52%         4


Dungeon Overview and Level Annotations

Branches:
Dungeon (4/15)
 Temple: D:4-7

Altars:
Okawaru

Annotations:
D:2 Sigmund


Innate Abilities, Weirdness & Mutations

You are immune to sickness and miasma.
Your stone body is resilient. (AC +4)
You are immune to poison.
You resist negative energy. (rN+)
You are resistant to electric shocks. (rElec)
You are resistant to unholy torment.
You are immune to petrification.


Message History

Confirm with . or Enter, or press ? or * to list all spells.
The spell is quite dangerous to cast (6% risk of failure)!
Continue anyway?
A film of ice covers your body!
Casting: Ozocubu's Armour (quite dangerous; 6% risk of failure)
Confirm with . or Enter, or press ? or * to list all spells.
Aiming: Freeze (safe; 1% risk of failure)
Press: ? - help, Shift-Dir - straight line, f - orc priest
Aim: an orc priest, wielding a +0 club You freeze the orc priest.
The orc priest is lightly wounded.
The orc priest invokes the aid of Beogh against you.
Beogh smites you!
Ouch! That really hurt!
The orc shouts!
Casting: Freeze (safe; 1% risk of failure)
Confirm with . or Enter, or press ? or * to list all spells.
Aiming: Freeze (safe; 1% risk of failure)
Press: ? - help, Shift-Dir - straight line, f/p - orc priest
Aim: an orc priest, wielding a +0 club (lightly wounded)
You freeze the orc priest.
The orc priest is moderately wounded.
The orc priest hits you but does no damage.
Casting: Freeze (safe; 1% risk of failure)
Confirm with . or Enter, or press ? or * to list all spells.
Aiming: Freeze (safe; 1% risk of failure)
Press: ? - help, Shift-Dir - straight line, f/p - orc priest
Aim: an orc priest, wielding a +0 club (moderately wounded)
You freeze the orc priest.
The orc priest is moderately wounded.
Casting: Freeze (safe; 1% risk of failure)
Confirm with . or Enter, or press ? or * to list all spells.
Aiming: Freeze (safe; 1% risk of failure)
Press: ? - help, Shift-Dir - straight line, f/p - orc priest
Aim: an orc priest, wielding a +0 club (moderately wounded)
You freeze the orc priest.
The orc priest is severely wounded.
The orc priest invokes the aid of Beogh against you.
Beogh smites you!
Ouch! That really hurt!
You die...

#....#..##...##
##..##...#....#
#...##...#....#
#...#....#....#
#...#...##...## #+##
#...'...##...# ..(# ##
##..##.......# ..(oo .#
#...##.......# ...(.
.####...#...##'### .o...#
.#..##..#...##...##.....#
....##..##..##..@#.......
....##..##..##..oo)......
##.......#..#######.....#
###'##...#..# .....
##..##...#... ....
.....#...# ... .....#...#
.. ########## #


You could see an orc priest and an orc.

Vanquished Creatures
  A hound (D:3)
  An adder (D:3)
  3 gnolls (D:3)
  An adder skeleton (D:4)
  2 dart slugs
  A worm (D:2)
  3 orcs (D:4)
  An endoplasm (D:1)
  7 giant cockroaches
  6 goblins
  6 hobgoblins
  6 quokkas
  6 ball pythons
  3 bats
  6 frilled lizards
  3 kobolds
  A rat (D:1)
57 creatures vanquished.

Notes
Turn   | Place    | Note
-------+----------+-------------------------------------------
     0 | D:1      | grimtooth the Gargoyle Ice Elementalist began the quest for
                  | the Orb.
     0 | D:1      | Reached XP level 1. HP: 10/10 MP: 3/3
   275 | D:1      | Reached XP level 2. HP: 15/15 MP: 3/5
  1023 | D:2      | Reached XP level 3. HP: 19/19 MP: 3/6
  1027 | D:2      | Learned a level 3 spell: Ozocubu's Armour
  1109 | D:2      | Found a faded altar of an unknown god.
  1267 | D:2      | Noticed Sigmund
  1555 | D:2      | Learned a level 3 spell: Frozen Ramparts
  1580 | D:3      | Found an iron altar of Okawaru.
  1912 | D:2      | Reached XP level 4. HP: 24/24 MP: 5/8
  1950 | D:3      | Reached skill level 5 in Ice Magic
  2566 | D:3      | Reached XP level 5. HP: 12/28 MP: 2/10
  2866 | D:4      | Killed from afar by an orc priest

Illustrated notes

Levels and vault maps discovered:
D:1:      lightli_iron_boxes, layout_loops_corners
D:2:      layout_rooms, hellmonk_ecumenical_altar_blasted, uniq_sigmund
D:3:      layout_basic, okawaru_metal_pillars_1_2
D:4:      layout_gridville, saegor_snake_ambush

Skill      XL: |  1  2  3  4 |
---------------+-------------+-----
Spellcasting   | 3 |  3.6
Ice Magic      | 5 |  5.3
Dodging        | |  1.5
Stealth        | |  2.1

Action                   |  1- 3 |  4- 6 || total
-------------------------+-------+-------++-------
Melee: Unarmed           |     2 |       ||     2
       Hunting sling     |       |     1 ||     1
 Fire: Hunting sling     |    10 |    35 ||    45
Throw: Stone             |    13 |       ||    13
       Dart              |    19 |       ||    19
 Cast: Freeze            |    51 |    23 ||    74
       Ozocubu's Armour  |       |     2 ||     2
       Frozen Ramparts   |       |     1 ||     1
Armor: Robe              |    12 |    19 ||    31
Dodge: Dodged            |    27 |    18 ||    45
